AoeStats
← serkan0735

Hideout

509474602Analyzed
1v1 RM · 6d ago on Sep 26, 2026· 75m 17s· 2 players
Game mode
Random Map
Map size
Tiny (2 player)
Population
200
Speed
Normal
Resources
Standard
Victory
Conquest
Starting age
Dark Age
Ending age
Imperial Age
RankedLock teamsTeams togetherTeam positionsShared explorationLock speedFull tech treeHidden civsTurbo modeCheats
Victory
Defeat
🇹🇷 Tatars · Türkiye
949
+17
🇬🇧 Varangians · United Kingdom
962
-17
serkan0735
10:33 Feudal Age
15:02 Castle Age
13:08 Double-Bit Axe
16:20 Loom
16:52 Bow Saw
18:17 Horse Collar
21:00 Heavy Plow
20:56 Stone Mining
22:07 Wheelbarrow
23:54 Fletching
24:05 Padded Archer Armor
25:48 Leather Archer Armor
25:29 Bodkin Arrow
27:07 Pikeman
27:48 Squires
27:33 Arson
28:56 Hand Cart
30:24 Elite Skirmisher
34:28 Imperial Age
32:40 Scale Barding Armor
32:46 Forging
34:53 Chain Barding Armor
35:09 Iron Casting
35:08 Silk Armor
36:31 Plate Barding Armor
36:28 Ring Archer Armor
37:10 Conscription
37:03 Timurid Siegecraft
37:16 Husbandry
37:27 Bloodlines
38:24 Elite Keshik
38:31 Halberdier
40:15 Ballistics
40:55 Chemistry
39:52 Murder Holes
40:09 Masonry
40:06 Silk Armor
41:52 Crop Rotation
41:19 Gold Mining
44:58 Elite Steppe Lancer
47:16 Bombard Tower
47:04 Siege Engineers
48:03 Scale Mail Armor
49:03 Blast Furnace
48:04 Bracer
58:15 Light Cavalry
59:37 Treadmill Crane
Munzz_26
6:21 Loom
10:45 Feudal Age
16:23 Castle Age
16:16 Horse Collar
16:31 Double-Bit Axe
19:45 Bloodlines
27:09 Imperial Age
27:45 Wheelbarrow
26:56 Town Watch
28:12 Cavalier
28:55 Husbandry
29:07 Forging
28:49 Fletching
29:21 Elite Skirmisher
32:13 Ballistics
32:31 Iron Casting
32:10 Padded Archer Armor
34:24 Light Cavalry
40:41 Gold Mining
40:42 Stone Mining
40:54 Heavy Plow
41:11 Bow Saw
40:52 Vendel Legacy
41:53 Conscription
43:16 Blast Furnace
42:12 Bodkin Arrow
42:27 Scale Barding Armor
42:39 Leather Archer Armor
43:28 Chemistry
42:41 Masonry
44:13 Hand Cart
48:25 Bracer
48:56 Ring Archer Armor
48:46 Chain Barding Armor
51:25 Elite Varangian Guard
52:06 Squires
51:52 Arson
52:08 Scale Mail Armor
52:07 Gambesons
54:04 Chain Mail Armor
55:53 Pikeman
58:08 Plate Mail Armor
59:02 Halberdier
70:37 Architecture
Connection lost

Rejoining the realm…

Still unreachable

The connection could not be restored.

Session expired

The server has moved on; the page needs a fresh start.